 Dungeon Crawl Stone Soup version 0.27-a0-95-g5a9077b8ae (webtiles) character file.

Game seed: 9773514820821812744

7 hehateme the Ruffian (level 1, 0/16 HPs)
             Began as a Draconian Transmuter on Jan 17, 2021.
             Slain by a goblin (3 damage)
             ... on level 1 of the Dungeon.
             The game lasted 00:00:26 (107 turns).

hehateme the Ruffian (Draconian Transmuter)          Turns: 107, Time: 00:00:27

Health: 0/16       AC:  4    Str: 12    XL:     1   Next: 83%
Magic:  3/3        EV: 12    Int: 13    God:
Gold:   2          SH:  0    Dex: 11    Spells: 3/4 levels left

rFire    . . .     SeeInvis .     - Unarmed
rCold    . . .     Faith    .   (no shield)
rNeg     . . .     Spirit   .   (armour unavailable)
rPois    .         Reflect  .   (helmet restricted)
rElec    .         Harm     .   (no cloak)
rCorr    .         Rampage  .   (no gloves)
Will     .....                  (no boots)
Stlth    +.........             (no amulet)
HPRegen  0.05/turn              (no ring)
MPRegen  0.08/turn              (no ring)

@: no status effects
A: unfitting armour, cold-blooded, AC +4
a: no special abilities


You were on level 1 of the Dungeon.
You visited 1 branch of the dungeon, and saw 1 of its levels.

You collected 2 gold pieces.

Inventory:

Scrolls
 b - a scroll of immolation {unknown}
Potions
 a - 2 potions of brilliance {unknown}


   Skills:
 + Level 1.3 Fighting
 - Level 1.7 Dodging
 - Level 3.0 Unarmed Combat
 + Level 2.1 Spellcasting
 * Level 2.3 Transmutations


You had 3 spell levels left.
You knew the following spells:

 Your Spells              Type           Power        Failure   Level
a - Beastly Appendage     Tmut           14%          10%         1

Your spell library contained the following spells:

 Spells                   Type           Power        Failure   Level
 Wereblood                Tmut           7%           14%         2
 Spider Form              Tmut/Pois      2%           43%         3
 Ice Form                 Ice/Tmut       4%           83%         4
 Blade Hands              Tmut           3%           95%         5


Dungeon Overview and Level Annotations

Branches:
Dungeon (1/15)

Altars:


Innate Abilities, Weirdness & Mutations

Your plain brown scales are hard. (AC +4)
You cannot fit into any form of body armour.
You are cold-blooded and may be slowed by cold attacks.


Message History

The goblin hits you.
* * * LOW HITPOINT WARNING * * *
You see here a hobgoblin corpse.
Unknown command.
The leopard gecko closely misses you.
You see here a rat corpse.
You see here 17 stones.
You hit the leopard gecko. The leopard gecko bites you.
* * * LOW HITPOINT WARNING * * *
The goblin closely misses you. The leopard gecko barely misses you.
You take 2 damage, and have 3/16 hp.
You hit the leopard gecko.
You kill the leopard gecko!
The goblin barely misses you.
You barely miss the ball python. The ball python closely misses you.
The ball python completely misses you. The goblin hits you but does no damage.
You hit the ball python.
You kill the ball python!
The goblin hits you.
You die...

#..###...# .#.#...
##...##...##.#.#.#.
####.#.#..............
#....................#
#.##.........###....##
#. .#...?..[..#........
.......................
...#.#.......#)....>..
#.##.#....[.@††.......
#. #.###.#.#.g##...###
#.#.#..# #.## #.#.#..#
.# .......# # ...?##.#
..###.# .. ...

Notes
Turn   | Place    | Note
-------+----------+-------------------------------------------
     0 | D:1      | hehateme the Draconian Transmuter began the quest for the
                  | Orb.
     0 | D:1      | Reached XP level 1. HP: 16/16 MP: 3/3
   104 | D:1      | HP: 3/16 [leopard gecko (2)]
   107 | D:1      | Slain by a goblin

Table legend: (Time is in decaauts)
 A = Elapsed time spent in this place.
 B = Non-inter-level travel time spent in this place.
 C = Inter-level travel time spent in this place.
 D = Time resting spent in this place.
 E = Time spent auto-exploring this place.
 F = Levels seen in this place.
 G = Mean time per level.
                   A        B        C        D        E       F      G
               +--------+--------+--------+--------+--------+-----+--------+
         Total |    105 |    105 |      0 |      0 |     60 |   1 |  105.0 |
       Dungeon |    105 |    105 |      0 |      0 |     60 |   1 |  105.0 |
               +--------+--------+--------+--------+--------+-----+--------+

Top non-repeatable levels by time:
     D:1: 105 daAuts

Table legend:
 A = Kills in this place as a percentage of kills in entire the game.
 B = Kills by you in this place as a percentage of kills by you in the entire game.
 C = Kills by friends in this place as a percentage of kills by friends in the entire game.
 D = Other kills in this place as a percentage of other kills in the entire game.
 E = Experience gained in this place as a percentage of experience gained in the entire game.
 F = Experience gained in this place divided by the number of levels of this place that you have seen.
                   A       B       C       D       E      F
               +-------+-------+-------+-------+-------+----------------------
         Total | 100.0 | 100.0 |   N/A |   N/A | 100.0 |  11.0
       Dungeon | 100.0 | 100.0 |   N/A |   N/A | 100.0 |  11.0
               +-------+-------+-------+-------+-------+----------------------

Action                   || total
-------------------------++-------
Melee: Unarmed           ||    25
       Tailslap          ||     1
Armor: Skin              ||     9
Dodge: Dodged            ||    39

Vanquished Creatures
  A leopard gecko (D:1)
  A giant cockroach (D:1)
  A hobgoblin (D:1)
  A ball python (D:1)
  3 rats (D:1)
7 creatures vanquished. You could see a goblin.

Levels and vault maps discovered:
D:1:      dpeg_arrival_triangle_fractal, layout_loops_ring
